 Dungeon Crawl Stone Soup version 0.27.1-33-g824d729ab1 (webtiles) character file.

Game seed: 9553657291746552143

116 sking99 the Ruffian (level 4, -6/45 HPs)
             Began as a Troll Monk on Dec 8, 2021.
             Was a Believer of Dithmenos.
             Mangled by Sigmund (9 damage)
             ... on level 3 of the Dungeon.
             The game lasted 00:02:18 (1357 turns).

sking99 the Ruffian (Troll Monk)                    Turns: 1357, Time: 00:02:18

Health: -6/45      AC:  5    Str: 20    XL:     4   Next: 70%
Magic:  3/3        EV: 10    Int:  6    God:    Dithmenos [**....]
Gold:   77         SH:  0    Dex: 12    Spells: 3/3 levels left

rFire    . . .     SeeInvis .     - Unarmed
rCold    . . .     Faith    .   (no shield)
rNeg     . . .     Spirit   .   a - +0 robe
rPois    .         Reflect  .   (helmet restricted)
rElec    .         Harm     .   h - +0 cloak
rCorr    .         Rampage  .   (gloves unavailable)
Will     .....                  (boots unavailable)
Stlth    +.........             (no amulet)
HPRegen  1.15/turn              (no ring)
MPRegen  0.08/turn              (no ring)

@: confused, wreathed by umbra
A: large, unfitting armour, claws 3, regeneration 1, shaggy fur 1, tough skin 1
a: Renounce Religion, Shadow Step


You were on level 3 of the Dungeon.
You worshipped Dithmenos.
Dithmenos was pleased with you.
You visited 1 branch of the dungeon, and saw 3 of its levels.

You collected 77 gold pieces.

Inventory:

Armour
 a - a +0 robe (worn)
 h - a +0 cloak (worn)
Scrolls
 c - a scroll of fear {unknown}
 e - a scroll of holy word {unknown}
 f - a scroll of silence {unknown}
 g - a scroll of teleportation {unknown}
 k - a scroll of amnesia {unknown}
Potions
 b - 3 potions of degeneration {unknown}
 d - a potion of invisibility {unknown}
 i - a potion of heal wounds {unknown}
 j - 2 potions of brilliance {unknown}


   Skills:
 + Level 3.2 Fighting
 - Level 2.4 Dodging
 - Level 1.0 Stealth
 * Level 4.8 Unarmed Combat


You had 3 spell levels left.
You didn't know any spells.
Your spell library contained the following spells:

 Spells                   Type           Power      Damage    Failure   Level
 Magic Dart               Conj           0%         1d3       45%         1
 Call Imp                 Summ           0%         N/A       58%         2
 Mephitic Cloud           Conj/Pois/Air  0%         N/A       83%         3


Dungeon Overview and Level Annotations

Branches:
Dungeon (3/15)

Altars:
Dithmenos

Annotations:
D:3 Sigmund


Innate Abilities, Weirdness & Mutations

You are too large for most types of armour.
You have claws for hands.
Your natural rate of healing is unusually fast.
You are covered in fur. (AC +1)
You have tough skin. (AC +1)


Message History

You miss the adder.
The adder is severely wounded.
Something hits you but does no damage. The adder barely misses you.
The rat barely misses you.
You barely miss the adder.
The adder is heavily wounded.
The adder closely misses you. Something hits you! The rat misses you.
You closely miss the adder.
The adder is heavily wounded.
The adder completely misses you. The rat bites you but does no damage.
You claw the adder!
You kill the adder!
Dithmenos accepts your kill.
You hear some strange, mumbled words.
A puff of flame appears from out of thin air!
The puff of flame hits you!
An adder comes into view.
The rat bites you but does no damage.
The adder hisses angrily.
You claw the rat!
You kill the rat!
Dithmenos accepts your kill.
A magic dart appears from out of thin air!
The magic dart hits you. Something hits you!
* * * LOW HITPOINT WARNING * * *
You closely miss something. You claw something! Something hits you!
* * * LOW HITPOINT WARNING * * *
The adder bites you.
* * * LOW HITPOINT WARNING * * *
You claw something! The adder bites you but does no damage.
Something hits you but does no damage.
You closely miss something. The adder misses you.
You closely miss something. The adder bites you.
* * * LOW HITPOINT WARNING * * *
You hear some strange, mumbled words.
You are confused.
You scratch something. The adder barely misses you. Something hits you!
You die...

### ... ..##.
#..... # ##
#...# ##.##.
##{.#
.#..#..#####@S#
.........#..†##
.........).###
.........###
......<..#
........##
###..##<#
##....# ####.#


You could see an adder.

Vanquished Creatures
  5 adders
  2 worms (D:2)
  A dart slug (D:1)
  10 ball pythons
  4 bats
  5 endoplasms
  5 giant cockroaches
  6 goblins
  7 hobgoblins
  3 quokkas (D:1)
  A frilled lizard (D:1)
  5 kobolds
  9 rats
63 creatures vanquished.

Notes
Turn   | Place    | Note
-------+----------+-------------------------------------------
     0 | D:1      | sking99 the Troll Monk began the quest for the Orb.
     0 | D:1      | Reached XP level 1. HP: 22/22 MP: 0/0
    65 | D:1      | Reached XP level 2. HP: 24/29 MP: 1/1
   419 | D:1      | Reached XP level 3. HP: 36/36 MP: 2/2
   552 | D:1      | Reached skill level 4 in Unarmed Combat
   856 | D:2      | Reached XP level 4. HP: 43/45 MP: 3/3
  1160 | D:2      | Found a faded altar of an unknown god.
  1164 | D:2      | Became a worshipper of Dithmenos the Shadowed
  1164 | D:2      | Reached * piety under Dithmenos
  1164 | D:2      | Reached ** piety under Dithmenos
  1335 | D:3      | Noticed Sigmund
  1356 | D:3      | HP: 2/45 [adder (4)]
  1357 | D:3      | Mangled by Sigmund

Illustrated notes

Levels and vault maps discovered:
D:1:      dpeg_arrival_tiny_a, layout_loops_cross, dk_noncrumbling_3,
          st_stairs_6, serial_bayou_lagoon_b
D:2:      layout_rooms, shapermc_ecumenical_altar_mp_vishouse,
          kennysheep_generic_room_7
D:3:      layout_rooms, nemelex_xobeh_ov_fountains_minmay,
          mainiacjoe_overflow_large_starburst, uniq_sigmund, uniq_grinder,
          uniq_terence

Skill      XL: |  1  2  3 |
---------------+----------+-----
Unarmed Combat | 4 |  4.8
Fighting       | 3 |  3.2
Dodging        | |  2.4
Stealth        | |  1.0

Action                   |  1- 3 |  4- 6 || total
-------------------------+-------+-------++-------
Melee: Unarmed           |   108 |    54 ||   162
 Stab: Sleeping          |     2 |     2 ||     4
Armor: Robe              |    34 |    19 ||    53
Dodge: Dodged            |    56 |    25 ||    81
